 Dungeon Crawl Stone Soup version 0.17-a0-2093-gc772f4b (webtiles) character file.

95812 esc the Slinger (level 16, -2/103 HPs)
             Began as a Kobold Hunter on Oct 15, 2015.
             Was the Champion of Fedhas.
             Killed by Olgreb's Toxic Radiance
             ... invoked by a naga ritualist
              (10 damage)
             ... on level 2 of the Snake Pit on Oct 16, 2015.
             The game lasted 02:24:28 (35093 turns).

esc the Slinger (Kobold Hunter)                    Turns: 35093, Time: 02:24:29

Health: -2/103     AC: 32    Str: 12    XL:     16   Next: 64%
Magic:  23/23      EV: 16    Int: 15    God:    Fedhas [******]
Gold:   2334       SH: 12    Dex: 36    Spells: 0 memorised, 15 levels left

rFire  . . .     SeeInvis +     b - +1 rapier "Beetlebane" {venom, rElec rN+ Int-3 Dex+11}
rCold  + . .     Clarity  +     x - +9 chain mail of Muodov {rN+ Int+2}
rNeg   + + .     SustAt   .     A - +2 buckler {reflect}
rPois  .         Gourm    .     i - +0 helmet
rElec  +         Spirit   .     G - +0 cloak
rCorr  .         Warding  .     y - +2 pair of gloves {archery}
rMut   .         Stasis   .     p - +2 pair of boots
MR     ++...                    w - amulet of the Solstice {Clar Int+7 Dex+3}
Stlth  +++++.....               U - ring of see invisible {sInv, !d}
                                B - ring "Zugiomurgh" {rC+ MR+ AC+3 Stlth+}

@: lethally poisoned (-2 -> -8), constricted, very resistant to hostile
enchantments, quite stealthy
A: carnivore 3
a: Evolution, Sunlight, Growth, Reproduction, Rain, Renounce Religion


You were on level 2 of the Snake Pit.
You worshipped Fedhas.
Fedhas was exalted by your worship.
You were not hungry.

You visited 5 branches of the dungeon, and saw 25 of its levels.
You also visited: Bailey and Volcano.

You collected 3469 gold pieces.
You spent 1135 gold pieces at shops.

Inventory:

Hand Weapons
 a - a +3 greatsling of velocity
   (You found it on level 1 of the Lair of Beasts)
 b - the +1 rapier "Beetlebane" (weapon) {venom, rElec rN+ Int-3 Dex+11}
   (You bought it in a shop on level 4 of the Orcish Mines)

   It poisons the flesh of those it strikes.
   It affects your intelligence (-3).
   It affects your dexterity (+11).
   It insulates you from electricity.
   It protects you from negative energy.
 J - a +0 blowgun
   (You found it on level 6 of the Dungeon)
 L - the +4 long sword "Defa" {flame, Str+2}
   (You found it on level 4 of the Lair of Beasts)

   It has been specially enchanted to burn those struck by it, causing extra
   injury to most foes and up to half again as much damage against particularly
   susceptible opponents.
   Big, fiery blades are also staple armaments of hydra-hunters.
   It affects your strength (+2).
Missiles
 c - 45 poisoned needles
 j - 48 stones
 C - 2 steel sling bullets
 D - 10 tomahawks of returning
 H - 30 sling bullets
 N - 3 throwing nets (quivered) {=f, !d}
 Z - 2 poisoned tomahawks
Armour
 i - a +0 helmet (worn)
   (You found it on level 1 of the Dungeon)
 p - a +2 pair of boots (worn)
   (You found it on level 2 of the Dungeon)
 x - the +9 chain mail of Muodov (worn) {rN+ Int+2}
   (You found it on level 8 of the Lair of Beasts)

   It affects your intelligence (+2).
   It protects you from negative energy.
 y - a +2 pair of gloves of archery (worn)
   (You found it in a bailey)
 A - a +2 buckler of reflection (worn)
   (You bought it in a shop on level 4 of the Orcish Mines)
 E - a +2 shield of protection
   (You took it off Asterion on level 1 of the Snake Pit)
 G - a +0 cloak (worn)
   (You took it off Maurice on level 9 of the Dungeon)
Jewellery
 w - the amulet of the Solstice (around neck) {Clar Int+7 Dex+3}
   (You found it on level 2 of the Lair of Beasts)

   [amulet of clarity]

   It provides mental clarity.
   It affects your intelligence (+7).
   It affects your dexterity (+3).
 B - the ring "Zugiomurgh" (left hand) {rC+ MR+ AC+3 Stlth+}
   (You found it on level 2 of the Lair of Beasts)

   [ring of protection]

   It affects your AC (+3).
   It protects you from cold.
   It affects your resistance to hostile enchantments.
   It makes you more stealthy.
 U - a ring of see invisible (right hand) {sInv, !d}
   (You found it on level 5 of the Lair of Beasts)
 X - an uncursed ring of flight {+Fly, !d}
   (You bought it in a shop on level 5 of the Dungeon)
Wands
 u - a wand of heal wounds (5)
   (You found it on level 1 of the Lair of Beasts)
 z - a wand of slowing (28)
   (You found it on level 10 of the Dungeon)
Scrolls
 f - 9 scrolls of remove curse
 l - 2 scrolls of recharging
 m - a scroll of teleportation
 n - a scroll of brand weapon
 t - 10 scrolls of identify
 I - 3 scrolls of blinking {!r}
 K - 4 scrolls of fog
 M - 2 scrolls of magic mapping {!r}
 S - 2 scrolls of amnesia
Potions
 h - a potion of invisibility
 k - 5 potions of cure mutation {!q}
 o - 4 potions of magic
 r - 3 potions of curing
 s - 2 potions of brilliance
 v - 3 potions of lignification {!q}
 F - a potion of agility
 O - a potion of haste {unknown}
 P - a potion of heal wounds
 W - 2 potions of resistance
Books
 T - a book of Ice
   (You found it on level 1 of the Snake Pit)
 Y - a book of Maledictions
   (You found it on level 2 of the Snake Pit)
Miscellaneous
 R - a box of beasts {used: 8}
   (You found it on level 3 of the Lair of Beasts)
 V - a fan of gales
   (You found it on level 4 of the Lair of Beasts)
Comestibles
 d - 3 fruits {!e}
 e - 7 meat rations {@e2}
 g - 10 royal jellies
 Q - a slice of pizza


   Skills:
 - Level 12.8 Fighting
 - Level 6.3 Short Blades
 - Level 14.3 Slings
 + Level 8.8 Armour
 - Level 13.8 Dodging
 - Level 12.1 Stealth
 + Level 6.3 Shields
 - Level 9.6 Invocations
 - Level 10.6 Evocations


You had 15 spell levels left.
You didn't know any spells.

Dungeon Overview and Level Annotations

Branches:
Dungeon (10/15)            Temple (1/1) D:7            Lair (8/8) D:9
 Shoals (0/4) Lair:6        Snake (2/4) Lair:4        Slime (0/6) Lair:7
    Orc (4/4) D:10            Elf (0/3) Orc:3

Altars:
Ashenzari
Cheibriados
Dithmenos
Elyvilon
Fedhas
Gozag
Kikubaaqudgha
Makhleb
Nemelex Xobeh
Okawaru
Qazlal
Ru
Sif Muna
Trog
Vehumet
Xom
Yredelemnul
Zin
The Shining One
Beogh
Jiyva

Shops:
D:5 =   D:7 [   Orc:2 %   Orc:3 *   Orc:4 :[(*:

Annotations:
Lair:8 exclusion: Rupert, Rupert
Snake:1 exclusion: 4 doors


Innate Abilities, Weirdness & Mutations

You are small and have problems with some larger weapons.
You are carnivorous and can eat meat at any time.


Message History

You take 1 damage, and have 77/103 hp.
You closely miss the shock serpent.
The shock serpent bites you but does no damage.
You hit the shock serpent.
You feel sick.
You are more poisoned.
You block the shock serpent's attack. The shock serpent closely misses you.
You take 5 damage, and have 73/103 hp.
You hit the shock serpent.
The shock serpent's electric aura discharges!
The lightning shocks you.
You feel sick.
You are more poisoned.
The shock serpent misses you.
You take 10 damage, and have 63/103 hp.
You miss the shock serpent.
You feel sick.
You are more poisoned.
The shock serpent closely misses you. The greater naga misses you.
The greater naga grabs you. The greater naga constricts you.
You take 12 damage, and have 51/103 hp.
You barely miss the shock serpent.
You feel sick.
You are more poisoned.
You block the shock serpent's attack.
The shock serpent shoots out a bolt of lightning at you!
The bolt of electricity hits you!
You take 10 damage, and have 41/103 hp.
Your chain mail of Muodov prevents you from hitting the shock serpent.
You feel very sick.
You are more poisoned.
The naga ritualist's toxic aura wanes.
You block the greater naga's attack. The greater naga constricts you.
The shock serpent closely misses you.
The naga ritualist mumbles some strange words.
The naga ritualist begins to radiate toxic energy.
You take 9 damage, and have 32/103 hp.
Drink which item? (? for menu, Esc to quit)
You feel better.
You are poisoned.
The shock serpent's electric aura discharges!
The lightning shocks you.
The shock serpent completely misses you.
The greater naga hits you. The greater naga constricts you.
You regained 3 hp, and now have 35/103 hp.
You closely miss the shock serpent.
You feel sick. You block the shock serpent's attack.
The greater naga hits you but does no damage.
The greater naga constricts you.
The shock serpent bites you but does no damage.
You take 1 damage, and have 34/103 hp.
You miss the shock serpent.
* * * LOW HITPOINT WARNING * * *
You are more poisoned.
The shock serpent shoots out a bolt of lightning at you!
The bolt of electricity misses you. The greater naga casts a spell at you.
You easily resist.
The greater naga constricts you. The naga ritualist barely misses you.
You take 6 damage, and have 28/103 hp.
Unknown command.
You hit the shock serpent but do no damage.
You feel sick.
* * * LOW HITPOINT WARNING * * *
You are lethally poisoned!
The shock serpent shoots out a bolt of lightning at you!
The bolt of electricity misses you. The greater naga hits you.
* * * LOW HITPOINT WARNING * * *
x2 The greater naga constricts you!
The naga ritualist hits you but does no damage.
You are more poisoned.
You block the shock serpent's attack.
You take 22 damage, and have 6/103 hp.
MASSIVE DAMAGE!!
Drink which item? (? for menu, Esc to quit)
Okay, then.
Read which item? (? for menu, Esc to quit)
Really read
I - 4 scrolls of blinking {!r}?
Read which item? (? for menu, Esc to quit)
Okay, then.
Drink which item? (? for menu, Esc to quit)
You feel better.
You kill the shock serpent!
* * * LOW HITPOINT WARNING * * *
You are poisoned.
The greater naga casts a spell.
The greater naga seems to speed up.
The greater naga constricts you.
The naga ritualist hits you but does no damage.
You are more poisoned.
You regained 4 hp, and now have 10/103 hp.
Read which item? (? for menu, Esc to quit)
Really read
I - 4 scrolls of blinking {!r}? [Y]es or [N]o only, please.
Really read
I - 4 scrolls of blinking {!r}? [Y]es or [N]o only, please.
Really read
I - 4 scrolls of blinking {!r}?
Blink to where?
Your attempt to break free from the greater naga fails, but you feel that another attempt might succeed.
As you read the scroll of blinking {!r}, it crumbles to dust.
* * * LOW HITPOINT WARNING * * *
You feel sick.
You die...
Fedhas appreciates your contribution to the ecosystem.

#....###...............
#......................
#......................
#......................
#........#.........#...
#....#..)##...#.......#
####.#...##...........#
###...##...........
#@.............
.}...('NN.....##.....
.((%..'.......#
#((..##..###.## ##..#
...# .# ### .#.# # . .#
.# ..


You could see a greater naga and a naga ritualist.

Vanquished Creatures
  Asterion (Snake:1)
  Gastronok (Lair:1)
  The ghost of nublet the Peltast, an adept MiFi of Makhleb (Snake:2)
  A greater naga (Snake:2)
  Maud (Orc:4)
  Snorg (Lair:5)
  Josephine (Lair:6)
  Harold (Lair:5)
  4 naga warriors
  4 anacondas
  4 hydras
  The ghost of altaj the Covert, a journeyman OpAs of Nemelex Xobeh (D:10)
  2 death yaks (Lair:8)
  An orc high priest (Orc:4)
  4 shock serpents
  A naga sharpshooter (Snake:1)
  A fire crab (Lair:8)
  A salamander mystic (Snake:2)
  19 black mambas
  An orc knight (Orc:4)
  4 lindwurms (Lair:4)
  A naga ritualist (Snake:2)
  An orc sorcerer (Orc:4)
  9 mana vipers
  12 salamanders
  A griffon (Lair:2)
  18 elephants
  2 guardian serpents
  Maurice (D:9)
  15 spiny frogs
  7 naga magi
  A siren (Lair:6)
  A gargoyle (D:10)
  2 torpor snails
  7 komodo dragons
  7 fire drakes
  2 two-headed ogres
  4 trolls
  Grinder (D:6)
  Prince Ribbit (D:9)
  A boulder beetle (Lair:7)
  25 blink frogs
  2 wyverns
  29 orc warriors
  4 wraiths (Lair:6)
  35 yaks
  A fire bat (Volcano)
  2 hungry ghosts
  10 hippogriffs
  2 basilisks (Lair:8)
  A deep elf fighter (D:9)
  Grum (Lair:1)
  23 water moccasins
  3 wargs
  17 nagas
  A black bear (D:7)
  12 wolves
  10 porcupines
  A necrophage (D:10)
  2 ice beasts
  11 ogres
  2 eyes of draining
  13 crocodiles
  The ghost of vatarom the Insei, an amateur DsGl (D:5)
  2 phantoms (D:9)
  2 centaurs (D:10)
  A big kobold (D:9)
  A gnoll sergeant (D:8)
  18 giant frogs
  4 scorpions
  5 killer bees (D:7)
  5 wights
  2 electric eels (Lair:4)
  A lava snake (Volcano)
  3 crimson imps
  7 jellies
  7 hounds
  21 orc priests
  2 centaur zombies
  A giant frog skeleton (D:4)
  A centaur skeleton (D:6)
  7 worker ants
  A gnoll shaman (D:4)
  12 iguanas
  49 orc wizards
  A killer bee zombie (D:10)
  30 sheep
  A hound zombie (D:7)
  A hound skeleton (D:7)
  69 river rats
  A worker ant zombie (D:8)
  18 gnolls
  9 adders
  2 shadow imps (D:8)
  5 oozes (D:8)
  2 adder zombies
  3 adder skeletons
  6 worms
  8 giant geckos
  189 orcs
  15 bats
  11 giant cockroaches
  9 hobgoblins
  4 jackals (D:4)
  5 quokkas
  A giant gecko zombie (D:7)
  5 giant newts
  16 goblins
  8 kobolds
  21 rats
949 creatures vanquished.

Vanquished Creatures (collateral kills)
  An orc warlord (Orc:4)
  A centaur warrior (D:9)
  An anaconda (Snake:1)
  A naga ritualist (Snake:1)
  An orc sorcerer (Orc:4)
  A spiny frog (Lair:2)
  3 blink frogs
  A hippogriff (Lair:1)
  8 yaks
  2 wargs (Orc:4)
  An ogre (D:6)
  2 orc warriors (Orc:4)
  An orc priest (Orc:4)
  An orc wizard (Orc:4)
  A worker ant (D:9)
  3 orcs (Orc:4)
29 creatures vanquished.

Vanquished Creatures (others)
  A naga sharpshooter (Snake:1)
  Urug (Lair:1)
  2 orc knights (Orc:4)
  A naga (Snake:1)
  An orc (Orc:2)
  29 fungi
  16 plants
  723 toadstools
774 creatures vanquished.

Grand Total: 1752 creatures vanquished

Notes
Turn   | Place    | Note
--------------------------------------------------------------
     0 | D:1      | esc the Kobold Hunter began the quest for the Orb.
     0 | D:1      | Reached XP level 1. HP: 12/12 MP: 1/1
   101 | D:1      | Reached XP level 2. HP: 16/18 MP: 2/2
   316 | D:1      | Reached skill level 5 in Slings
   412 | D:1      | Reached skill level 3 in Dodging
   490 | D:1      | Reached XP level 3. HP: 20/22 MP: 3/3
   781 | D:2      | Reached skill level 3 in Fighting
   996 | D:2      | Reached XP level 4. HP: 28/28 MP: 4/4
  1377 | D:2      | HP: 5/28 [orc/falchion (3)]
  1663 | D:2      | Reached XP level 5. HP: 28/32 MP: 5/5
  1976 | D:3      | Reached skill level 4 in Dodging
  1983 | D:3      | HP: 4/33 [orc/flail (7)]
  2345 | D:3      | Found a white marble altar of Elyvilon.
  2414 | D:3      | Reached skill level 6 in Slings
  2498 | D:3      | Reached skill level 4 in Fighting
  2702 | D:3      | Reached XP level 6. HP: 34/38 MP: 6/6
  3219 | D:4      | Found a basalt altar of Yredelemnul.
  3219 | D:4      | Found a glowing golden altar of the Shining One.
  3223 | D:4      | Noticed an angel
  3235 | D:4      | Noticed a profane servitor
  3340 | D:4      | HP: 9/39 [worker ant (4)]
  3346 | D:4      | HP: 7/39 [poisoned by a worker ant]
  3352 | D:4      | HP: 6/39 [poisoned by a worker ant]
  3359 | D:4      | HP: 5/39 [poisoned by a worker ant]
  3657 | D:4      | Found an ancient bone altar of Kikubaaqudgha.
  3673 | D:4      | Reached skill level 5 in Dodging
  3828 | D:4      | Reached XP level 7. HP: 40/44 MP: 7/7
  4172 | D:5      | Entered Level 5 of the Dungeon
  4224 | D:5      | Reached skill level 5 in Fighting
  4270 | D:5      | Reached skill level 7 in Slings
  4569 | D:5      | Noticed vatarom's ghost (amateur DsGl)
  4585 | D:5      | Killed vatarom's ghost
  4585 | D:5      | Reached skill level 6 in Dodging
  4595 | D:5      | Found Meyraen's Jewellery Shop.
  4687 | D:5      | Found a burning altar of Makhleb.
  4839 | D:5      | Reached XP level 8. HP: 39/50 MP: 8/8
  5062 | D:6      | HP: 6/51 [something/puff of flame (8)]
  5419 | D:6      | Reached skill level 6 in Fighting
  5419 | D:6      | Reached skill level 8 in Slings
  5482 | D:6      | Found a bloodstained altar of Trog.
  5490 | D:6      | Reached skill level 7 in Dodging
  5630 | D:6      | Noticed Grinder
  5653 | D:6      | Killed Grinder
  5653 | D:6      | Reached XP level 9. HP: 56/56 MP: 9/9
  5801 | D:6      | Reached skill level 7 in Fighting
  5878 | D:7      | Reached skill level 9 in Slings
  5951 | D:7      | Found Qifucil's Antique Armour Boutique.
  5954 | D:7      | Bought a warped ring mail for 279 gold pieces
  5964 | D:7      | Identified the +4 ring mail of the Hot Ocelot {Str+4} (You bought it in a shop on level 7 of the Dungeon)
  6072 | D:7      | Found a sacrificial altar of Ru.
  6096 | D:7      | Reached skill level 8 in Dodging
  6146 | D:7      | Reached skill level 1 in Armour
  6427 | D:7      | Found a staircase to the Ecumenical Temple.
  6435 | Temple   | Entered the Ecumenical Temple
  6725 | Temple   | Became a worshipper of Fedhas Madash
  6873 | D:7      | Reached skill level 2 in Armour
  7290 | D:8      | Reached skill level 8 in Fighting
  7358 | D:8      | Found a bloodstained altar of Trog.
  7450 | D:8      | Noticed a troll
  7471 | D:8      | Reached skill level 10 in Slings
  7471 | D:8      | Reached skill level 9 in Dodging
  7471 | D:8      | Reached XP level 10. HP: 64/64 MP: 10/10
  7640 | D:8      | Killed a troll
  7640 | D:8      | Reached skill level 3 in Armour
  8507 | D:9      | Reached * piety under Fedhas
  8698 | D:9      | Reached ** piety under Fedhas
  8902 | D:9      | Reached skill level 9 in Fighting
  8902 | D:9      | Reached skill level 1 in Evocations
  8981 | D:9      | Noticed Prince Ribbit
  8993 | D:10     | Entered Level 10 of the Dungeon
  9025 | D:9      | Killed Prince Ribbit
  9025 | D:9      | Reached skill level 2 in Stealth
  9025 | D:9      | Reached skill level 1 in Invocations
  9115 | D:9      | Reached skill level 10 in Dodging
  9164 | D:9      | Noticed Maurice
  9246 | D:9      | Killed Maurice
  9246 | D:9      | Reached skill level 11 in Slings
  9246 | D:9      | Reached skill level 3 in Stealth
  9246 | D:9      | Reached skill level 2 in Evocations
  9457 | D:9      | Found a staircase to the Lair.
  9457 | D:9      | Noticed a spiny frog
  9533 | D:9      | Killed a spiny frog
  9533 | D:9      | Reached skill level 2 in Invocations
  9533 | D:9      | Reached XP level 11. HP: 33/71 MP: 12/12
  9690 | D:9      | Reached *** piety under Fedhas
  9717 | D:9      | Noticed a centaur warrior
  9725 | Lair:1   | Entered Level 1 of the Lair of Beasts
  9744 | Lair:1   | Noticed Grum
  9835 | Lair:1   | Killed Grum
  9852 | Lair:1   | Reached skill level 3 in Evocations
  9922 | Lair:1   | Found a dark tunnel.
  9929 | Volcano  | Entered a volcano
 10044 | Volcano  | Reached skill level 4 in Stealth
 10062 | Volcano  | Reached skill level 3 in Invocations
 10252 | Lair:1   | Noticed Urug
 10268 | Lair:1   | Urug (ally) was killed
 10268 | Lair:1   | Your ally died
 10295 | Lair:1   | Noticed Gastronok
 10339 | Lair:1   | Killed Gastronok
 10339 | Lair:1   | Reached skill level 5 in Stealth
 10339 | Lair:1   | Reached skill level 4 in Evocations
 10671 | Lair:1   | Reached skill level 4 in Invocations
 10951 | Lair:1   | Reached skill level 10 in Fighting
 11093 | Lair:1   | HP: 10/72 [spiny frog (14)]
 11423 | Lair:1   | Reached skill level 11 in Dodging
 11504 | Lair:2   | Noticed a griffon
 11592 | Lair:1   | Reached skill level 6 in Stealth
 11778 | Lair:1   | Reached skill level 5 in Evocations
 11837 | Lair:1   | Reached XP level 12. HP: 24/77 MP: 15/15
 11857 | Lair:1   | Reached **** piety under Fedhas
 12175 | Lair:2   | Reached skill level 5 in Invocations
 12439 | Lair:2   | Killed a griffon
 12446 | Lair:2   | Reached skill level 12 in Slings
 13070 | Lair:1   | Reached skill level 7 in Stealth
 13118 | Lair:2   | Reached skill level 6 in Evocations
 13406 | Lair:2   | Got a coiled bronze ring
 13410 | Lair:2   | Identified the ring "Zugiomurgh" {rC+ MR+ AC+3 Stlth+} (You found it on level 2 of the Lair of Beasts)
 13469 | Lair:2   | Got a scorched copper amulet
 13470 | Lair:2   | Identified the amulet of the Solstice {Clar Int+7 Dex+3} (You found it on level 2 of the Lair of Beasts)
 14249 | Lair:3   | Reached skill level 6 in Invocations
 14461 | Lair:3   | Reached skill level 8 in Stealth
 14461 | Lair:3   | Reached skill level 7 in Evocations
 15286 | Lair:4   | Found a staircase to the Snake Pit.
 15301 | Lair:4   | Reached ***** piety under Fedhas
 15502 | Lair:4   | Noticed Harold
 15644 | Lair:4   | Reached XP level 13. HP: 72/84 MP: 18/18
 15705 | Lair:4   | Reached skill level 12 in Dodging
 15733 | Lair:4   | Reached skill level 11 in Fighting
 15943 | Lair:4   | Reached skill level 9 in Stealth
 16286 | Lair:4   | Reached skill level 7 in Invocations
 16595 | Lair:5   | Reached skill level 13 in Slings
 16734 | Lair:5   | Reached skill level 8 in Evocations
 17189 | Lair:5   | Noticed Snorg
 17227 | Lair:5   | Killed Snorg
 17227 | Lair:5   | Reached skill level 10 in Stealth
 17438 | Lair:5   | Killed Harold
 17438 | Lair:5   | Reached skill level 8 in Invocations
 18015 | Lair:4   | Got a fine ring mail
 18048 | Lair:4   | Got a scorched long sword
 18069 | Lair:5   | Identified the cursed +1 ring mail "Wapoddint" {rElec Int+5 Dex+2 Stlth-} (You found it on level 4 of the Lair of Beasts)
 18072 | Lair:5   | Identified the +4 long sword "Defa" {flame, Str+2} (You found it on level 4 of the Lair of Beasts)
 18126 | Lair:6   | Reached ****** piety under Fedhas
 18282 | Lair:6   | Reached XP level 14. HP: 40/91 MP: 20/20
 18530 | Lair:6   | Found a staircase to the Shoals.
 18601 | Lair:6   | Noticed Josephine
 18712 | Lair:6   | Killed Josephine
 18712 | Lair:6   | Reached skill level 9 in Evocations
 19385 | Lair:6   | You fall through a shaft for 2 floors!
 19385 | Lair:8   | Entered Level 8 of the Lair of Beasts
 19497 | Lair:7   | Reached skill level 13 in Dodging
 19547 | Lair:7   | Reached skill level 12 in Fighting
 19884 | Lair:7   | Gained mutation: You evolve. [potion of beneficial mutation]
 19908 | Lair:7   | Found a viscous altar of Jiyva.
 19908 | Lair:7   | Found a staircase to the Slime Pits.
 20170 | Lair:7   | Reached skill level 11 in Stealth
 20668 | Lair:6   | Gained mutation: You are frail (-10% HP). [evolution]
 20948 | Lair:8   | Noticed Rupert
 21625 | Lair:8   | Reached skill level 10 in Evocations
 21632 | Lair:8   | HP: 15/82 [fire drake/blast of flame (14)]
 21655 | Lair:8   | HP: 18/82 [sheep (6)]
 21935 | Lair:8   | Reached skill level 9 in Invocations
 22237 | Lair:8   | HP: 15/82 [death yak (15)]
 22243 | Lair:8   | HP: 15/82 [death yak (19)]
 22494 | Lair:8   | Reached skill level 14 in Slings
 23021 | Lair:8   | Got an ichor-stained chain mail
 23169 | Lair:8   | Reached skill level 12 in Stealth
 23206 | Lair:8   | Reached XP level 15. HP: 70/87 MP: 22/22
 23670 | Lair:8   | Identified the +9 chain mail of Muodov {rN+ Int+2} (You found it on level 8 of the Lair of Beasts)
 23951 | D:9      | Killed a centaur warrior
 24226 | D:10     | Noticed a gargoyle
 24241 | D:10     | Killed a gargoyle
 24373 | D:10     | Noticed altaj's ghost (journeyman OpAs)
 24413 | D:10     | Killed altaj's ghost
 24688 | D:10     | Found a staircase to the Orcish Mines.
 24779 | D:10     | Reached skill level 4 in Armour
 25027 | Orc:1    | Entered Level 1 of the Orcish Mines
 25401 | Orc:1    | Lost mutation: You evolve. [evolution]
 25528 | Orc:1    | Reached skill level 1 in Short Blades
 25562 | Orc:1    | Lost mutation: You are frail (-10% HP). [potion of cure mutation]
 25881 | Orc:2    | Found Nofuts's Food Boutique.
 25882 | Orc:2    | Upgraded the game from 0.17-a0-2073-gde5cdba to 0.17-a0-2093-gc772f4b
 25919 | Orc:1    | HP: 20/97 [orc warrior/short sword (5)]
 26159 | Orc:1    | Reached skill level 2 in Short Blades
 26555 | Orc:2    | Found a bloodstained altar of Trog.
 26933 | Orc:1    | Reached skill level 3 in Short Blades
 27268 | Orc:3    | Found Imimank's Assorted Antiques.
 27327 | Orc:3    | Found a flagged portal.
 27438 | Bailey   | Entered a bailey
 27853 | Orc:3    | Found a staircase to the Elven Halls.
 28074 | Orc:3    | Found a roughly hewn altar of Beogh.
 28090 | Orc:4    | Entered Level 4 of the Orcish Mines
 28090 | Orc:4    | Found Olaibow's Book Boutique.
 28090 | Orc:4    | Noticed Maud
 28235 | Orc:4    | Killed Maud
 28235 | Orc:4    | Reached skill level 4 in Short Blades
 28235 | Orc:4    | Reached skill level 5 in Armour
 28642 | Orc:4    | Reached skill level 5 in Short Blades
 28669 | Orc:4    | Noticed an orc warlord
 28696 | Orc:4    | Killed an orc warlord
 28748 | Orc:4    | Found a roughly hewn altar of Beogh.
 28756 | Orc:4    | Reached skill level 6 in Short Blades
 28813 | Orc:4    | Found Sonoyfur's Antique Weapon Shop.
 28820 | Orc:4    | Found Fiudugh's General Store.
 28834 | Orc:4    | Found Hochag's Antique Armour Shop.
 28854 | Orc:4    | Found Pir Ojom's Book Shop.
 28892 | Orc:4    | Bought a twisted rapier for 288 gold pieces
 28892 | Orc:4    | Identified the cursed +1 rapier "Beetlebane" {venom, rElec rN+ Int-3 Dex+11} (You bought it in a shop on level 4 of the Orcish Mines)
 28931 | Orc:4    | Bought a runed buckler for 153 gold pieces
 28952 | Orc:4    | Bought a scroll of teleportation for 36 gold pieces
 28952 | Orc:4    | Bought 19 sling bullets for 114 gold pieces
 28952 | Orc:4    | Bought a scroll of blinking for 90 gold pieces
 29120 | Orc:4    | Found a roughly hewn altar of Beogh.
 29719 | Snake:1  | Entered Level 1 of the Snake Pit
 29796 | Snake:1  | Reached skill level 1 in Shields
 29814 | Snake:1  | Reached skill level 6 in Armour
 30382 | Snake:1  | Reached skill level 2 in Shields
 30447 | Snake:1  | HP: 24/97 [shock serpent/bolt of electricity (3)]
 30459 | Lair:4   | HP: 6/97 [shock serpent (12)]
 30464 | Lair:4   | HP: 23/97 [shock serpent/bolt of electricity (3)]
 30736 | Snake:1  | Reached skill level 3 in Shields
 30772 | Snake:1  | Noticed Asterion
 31192 | D:5      | Bought an uncursed ring of flight for 175 gold pieces
 31846 | Snake:1  | Reached XP level 16. HP: 55/103 MP: 23/23
 31854 | Snake:1  | Reached skill level 7 in Armour
 32322 | Snake:1  | HP: 10/103 [Asterion/broad axe of chopping (23)]
 32327 | Snake:1  | HP: 21/103 [Asterion/broad axe of chopping (18)]
 32328 | Snake:1  | HP: 5/103 [Asterion/broad axe of chopping (14)]
 32330 | Snake:1  | Killed Asterion
 32875 | Snake:1  | Reached skill level 4 in Shields
 33187 | Snake:2  | Noticed nublet's ghost (adept MiFi)
 33245 | Snake:2  | Killed nublet's ghost
 33607 | Snake:2  | Reached skill level 8 in Armour
 33607 | Snake:2  | Reached skill level 5 in Shields
 33649 | Snake:2  | HP: 25/103 [poisoned by a naga warrior (splash of poison)]
 33654 | Snake:2  | HP: 23/103 [poisoned by a naga warrior (splash of poison)]
 33659 | Snake:2  | HP: 21/103 [poisoned by a naga warrior (splash of poison)]
 33664 | Snake:2  | HP: 20/103 [poisoned by a naga warrior (splash of poison)]
 33671 | Snake:2  | HP: 20/103 [poisoned by a naga warrior (splash of poison)]
 33679 | Snake:2  | HP: 20/103 [poisoned by a naga warrior (splash of poison)]
 34414 | Snake:2  | Reached skill level 6 in Shields
 34575 | Snake:2  | HP: 25/103 [poisoned by a guardian serpent (bolt of poison)]
 34580 | Snake:2  | HP: 25/103 [poisoned by a guardian serpent (bolt of poison)]
 34587 | Snake:2  | HP: 25/103 [poisoned by a guardian serpent (bolt of poison)]
 34595 | Snake:2  | HP: 25/103 [poisoned by a guardian serpent (bolt of poison)]
 35091 | Snake:2  | HP: 17/103 [naga ritualist/Olgreb's Toxic Radiance (10)]
 35091 | Snake:2  | HP: 6/103 [greater naga (7)]
 35093 | Snake:2  | Killed from afar by a naga ritualist

Vault maps used:
D:1:      nicolae_arrival_somewhat_less_tricky_arrival, serial_forest,
          infiniplex_forest_clump_small, infiniplex_forest_corner_1,
          infiniplex_forest_straight_2, infiniplex_forest_lined_3,
          infiniplex_forest_corner_1
D:2:      guppyfry_early_orc_mine
D:3:      wad_crossroads, elyvilon_altar_3
D:4:      grunt_temple_overflow_holy_war, lemuel_crystal_altar,
          minmay_misc_feat_room, grunt_tough_drop
D:5:      makhleb_grotto_becter, first_bread, serial_shops, shop
D:6:      trog_eyes_of_draining, uniq_grinder
D:7:      nicolae_ru_great_annihilating_truth, minmay_temple_entry_trees,
          serial_shops, kennysheep_mini_moat
D:8:      old_standard_altar, hangedman_little_slice_of_home
D:9:      grunt_lair_entry_elf_guard_hut, uniq_prince_ribbit1, uniq_maurice
D:10:     hiddenorc2_lemuel, kennysheep_generic_room_3
Temple:   oiseaux_autumnal_temple_12
Lair:1:   nicolae_volcano_entry_two_sided, st_stairs_12,
          hangedman_lair_generics_rect, uniq_grum, uniq_gastronok, uniq_urug
Lair:2:   beast_lair_carwin_11
Lair:3:   grunt_megastairs_3
Lair:4:   dummy_snake_entry, minmay_lindwurm_lava, serial_bayou_shore_a,
          infiniplex_staircase_pool, uniq_harold
Lair:5:   patterned_corridor, uniq_snorg
Lair:6:   minmay_shoals_entry_lonely_mermaid, grunt_megastairs_2,
          serial_bayou_shore_b, serial_bayou_shore_b, serial_bayou_shore_b,
          uniq_josephine
Lair:7:   wad_woods_minihive, slime_altar_1, st_stairs_9
Lair:8:   hangedman_lair_in_review, uniq_rupert
Snake:1:  cheibrodos_snake_lava_hold, grunt_megastairs_1, uniq_asterion
Snake:2:  kennysheep_snake
Orc:1:    minmay_goldmine
Orc:2:    basic_altar, serial_shops, shop
Orc:3:    serial_shops, nicolae_shop_overgrown_old_shop, enter_bailey_5,
          nicolae_orc_pool_cavern, lemuel_statue_altar
Orc:4:    grunt_orc_cross, lab_entry_generic, serial_shops, nicolae_shop_stone,
          basic_altar, uniq_maud
Bailey:   bailey_polearm_1, bailey
Volcano:  volcano_grotto

Action                   |  1- 3 |  4- 6 |  7- 9 | 10-12 | 13-15 | 16-18 || total
-------------------------+-------+-------+-------+-------+-------+-------++-------
Melee: Short sword       |    82 |   188 |   138 |       |       |       ||   408
       Dagger            |       |       |    11 |    57 |   299 |       ||   367
       Long sword        |       |       |       |       |   511 |       ||   511
       Rapier            |       |       |       |       |    47 |    32 ||    79
 Fire: Hunting sling     |     9 |   171 |   371 |  1493 |  1471 |       ||  3515
       Blowgun           |       |       |       |    31 |    55 |     4 ||    90
       Greatsling        |       |       |       |       |   656 |   376 ||  1032
Throw: Tomahawk          |       |       |     4 |     8 |       |       ||    12
       Throwing net      |       |       |       |     2 |     2 |       ||     4
Invok: Sunlight          |       |       |       |     1 |     3 |       ||     4
       Rain              |       |       |       |       |     4 |       ||     4
 Abil: Evoke Flight      |       |       |       |       |     2 |       ||     2
Evoke: Wand              |       |     2 |     6 |    16 |    22 |     2 ||    48
       Box of beasts     |       |       |       |     1 |     4 |     3 ||     8
       Fan of gales      |       |       |       |       |     1 |       ||     1
       Phantom mirror    |       |       |       |       |     1 |       ||     1
  Use: Scroll            |     6 |    11 |     5 |     9 |    16 |     3 ||    50
       Potion            |       |     1 |       |     3 |     6 |     5 ||    15
 Stab: Sleeping          |     4 |     4 |       |     2 |    22 |       ||    32
       Distracted        |       |     1 |       |       |     6 |     1 ||     8
  Eat: Chunk             |     9 |     9 |    15 |    22 |    49 |     1 ||   105
       Beef jerky        |       |       |       |     1 |       |     4 ||     5

Vault maps used:
D:1:      nicolae_arrival_somewhat_less_tricky_arrival, serial_forest,
          infiniplex_forest_clump_small, infiniplex_forest_corner_1,
          infiniplex_forest_straight_2, infiniplex_forest_lined_3,
          infiniplex_forest_corner_1
D:2:      guppyfry_early_orc_mine
D:3:      wad_crossroads, elyvilon_altar_3
D:4:      grunt_temple_overflow_holy_war, lemuel_crystal_altar,
          minmay_misc_feat_room, grunt_tough_drop
D:5:      makhleb_grotto_becter, first_bread, serial_shops, shop
D:6:      trog_eyes_of_draining, uniq_grinder
D:7:      nicolae_ru_great_annihilating_truth, minmay_temple_entry_trees,
          serial_shops, kennysheep_mini_moat
D:8:      old_standard_altar, hangedman_little_slice_of_home
D:9:      grunt_lair_entry_elf_guard_hut, uniq_prince_ribbit1, uniq_maurice
D:10:     hiddenorc2_lemuel, kennysheep_generic_room_3
Temple:   oiseaux_autumnal_temple_12
Lair:1:   nicolae_volcano_entry_two_sided, st_stairs_12,
          hangedman_lair_generics_rect, uniq_grum, uniq_gastronok, uniq_urug
Lair:2:   beast_lair_carwin_11
Lair:3:   grunt_megastairs_3
Lair:4:   dummy_snake_entry, minmay_lindwurm_lava, serial_bayou_shore_a,
          infiniplex_staircase_pool, uniq_harold
Lair:5:   patterned_corridor, uniq_snorg
Lair:6:   minmay_shoals_entry_lonely_mermaid, grunt_megastairs_2,
          serial_bayou_shore_b, serial_bayou_shore_b, serial_bayou_shore_b,
          uniq_josephine
Lair:7:   wad_woods_minihive, slime_altar_1, st_stairs_9
Lair:8:   hangedman_lair_in_review, uniq_rupert
Snake:1:  cheibrodos_snake_lava_hold, grunt_megastairs_1, uniq_asterion
Snake:2:  kennysheep_snake
Orc:1:    minmay_goldmine
Orc:2:    basic_altar, serial_shops, shop
Orc:3:    serial_shops, nicolae_shop_overgrown_old_shop, enter_bailey_5,
          nicolae_orc_pool_cavern, lemuel_statue_altar
Orc:4:    grunt_orc_cross, lab_entry_generic, serial_shops, nicolae_shop_stone,
          basic_altar, uniq_maud
Bailey:   bailey_polearm_1, bailey
Volcano:  volcano_grotto

Table legend:
 A = Turns spent in this place as a percentage of turns spent in the entire game.
 B = Non-inter-level travel turns spent in this place as a percentage of non-inter-level travel turns spent in the entire game.
 C = Inter-level travel turns spent in this place as a percentage of turns spent in this place.
 D = Turns resting spent in this place as a percentage of non-inter-level travel turns spent in this place.
 E = Turns spent auto-exploring this place as a percentage of non-inter-level travel turns spent in this place.
 F = Non-inter-level travel turns spent in this place divided by the number of levels of this place that you've seen.
                   A       B       C       D       E      F
               +-------+-------+-------+-------+-------+----------------------
         Total | 100.0 | 100.0 |   0.6 |   1.0 |   6.7 | 449.0
       Dungeon |  31.6 |  31.6 |   0.6 |   0.3 |   8.5 | 383.5
        Temple |   0.2 |   0.2 |   9.1 |   0.0 |  65.0 |  20.0
          Lair |  42.8 |  42.9 |   0.5 |   1.1 |   4.7 | 649.6
     Snake Pit |   9.8 |   9.8 |   0.2 |   3.9 |   4.8 | 596.0
  Orcish Mines |  13.2 |  13.2 |   1.2 |   0.1 |  10.0 | 399.0
        Bailey |   1.3 |   1.3 |   0.0 |   0.0 |   6.5 | 154.0
       Volcano |   1.1 |   1.1 |   0.0 |   3.9 |   1.6 | 129.0
               +-------+-------+-------+-------+-------+----------------------

Table legend:
 A = Kills in this place as a percentage of kills in entire the game.
 B = Kills by you in this place as a percentage of kills by you in the entire game.
 C = Kills by friends in this place as a percentage of kills by friends in the entire game.
 D = Other kills in this place as a percentage of other kills in the entire game.
 E = Experience gained in this place as a percentage of experience gained in the entire game.
 F = Experience gained in this place divided by the number of levels of this place that you have seen.
                   A       B       C       D       E      F
               +-------+-------+-------+-------+-------+----------------------
         Total | 100.0 | 100.0 | 100.0 | 100.0 | 100.0 | 5069.4
       Dungeon |  33.1 |  33.9 |  10.3 |   0.0 |  10.1 | 1381.2
          Lair |  34.8 |  34.6 |  44.8 |   0.0 |  50.8 | 8699.9
     Snake Pit |   7.7 |   7.6 |   6.9 |  66.7 |  29.2 | 20015.0
  Orcish Mines |  22.8 |  22.3 |  37.9 |  33.3 |   9.4 | 3217.2
        Bailey |   1.3 |   1.4 |   0.0 |   0.0 |   0.2 | 314.0
       Volcano |   0.2 |   0.2 |   0.0 |   0.0 |   0.2 | 251.0
               +-------+-------+-------+-------+-------+----------------------
